 Dungeon Crawl Stone Soup version 0.27.0-1-g7a089689b8 (webtiles) character file.

Game seed: 5168693917013304726

481 fiver49 the Slasher (level 7, 0/35 HPs)
             Began as a Vine Stalker Hunter on Aug 10, 2021.
             Was an Initiate of Wu Jian.
             Splashed by a hobgoblin's acid (8 damage)
             ... on level 4 of the Dungeon.
             The game lasted 00:08:39 (4016 turns).

fiver49 the Slasher (Vine Stalker Hunter)           Turns: 4016, Time: 00:08:39

Health: 0/35       AC:  3    Str: 17    XL:     7   Next: 12%
Magic:  0/8        EV: 12    Int: 11    God:    Wu Jian [......]
Gold:   112        SH:  0    Dex: 14    Spells: 6/6 levels left

rFire    . . .     SeeInvis .   a - +0 short sword
rCold    . . .     Faith    .   (no shield)
rNeg     + . .     Spirit   +   v - +3 leather armour {Will+}
rPois    +         Reflect  .   h - +0 helmet
rElec    .         Harm     .   (no cloak)
rCorr    .         Rampage  .   (no gloves)
Will     +....                  (no boots)
Stlth    ++........             (no amulet)
HPRegen  1.11/turn              l - ring of positive energy
MPRegen  0.11/turn              s - ring of poison resistance

@: corroded
A: fangs 2, regeneration 1, magic shield, antimagic bite, no potion heal 2
a: Renounce Religion


You were on level 4 of the Dungeon.
You worshipped Wu Jian.
Wu Jian was noncommittal.
You visited 1 branch of the dungeon, and saw 4 of its levels.

You collected 112 gold pieces.

Inventory:

Hand Weapons
 a - a +0 short sword (weapon)
Missiles
 c - 6 javelins
 d - 2 throwing nets
 k - 17 poisoned darts (quivered)
 o - 8 boomerangs
Armour
 b - a +0 leather armour
 h - a +0 helmet (worn)
 i - a +0 ring mail
 v - a +3 leather armour of willpower (worn)
Jewellery
 l - a ring of positive energy (left hand)
 r - a ring of positive energy
 s - a ring of poison resistance (right hand)
Scrolls
 j - a scroll of holy word {unknown}
 n - a scroll of magic mapping {unknown}
 u - a scroll of identify {unknown}
Potions
 e - a potion of invisibility {unknown}
 f - a potion of haste {unknown}
 g - 2 potions of heal wounds {unknown}
 m - 3 potions of lignification {unknown}
 p - a potion of berserk rage {unknown}
 q - a potion of magic {unknown}
 t - a potion of brilliance {unknown}
 w - a potion of flight {unknown}


   Skills:
 - Level 2.0 Fighting
 + Level 6.2 Long Blades
 - Level 3.6 Throwing
 - Level 2.0 Dodging
 - Level 2.0 Stealth


You had 6 spell levels left.
You didn't know any spells.
Your spell library was empty.

Dungeon Overview and Level Annotations

Branches:
Dungeon (4/15)
 Temple: D:4-7

Altars:
Dithmenos
Hepliaklqana
Kikubaaqudgha
Wu Jian
Zin
Beogh

Shops:
D:3 (

Annotations:
D:4 1 runed translucent door, Crazy Yiuf


Innate Abilities, Weirdness & Mutations

You have extremely sharp teeth.
Your natural rate of healing is unusually fast.
When hurt, damage is shared between your health and your magic reserves.
Your bite disrupts and absorbs the magic of your enemies.
Potions cannot restore your health.


Message History

There is a stone staircase leading up here.
You climb upwards.
There is a stone staircase leading down here.
There is a stone staircase leading down here.
You climb downwards.
Level annotation: 1 runed translucent door, Crazy Yiuf A hobgoblin comes into view.
It is wearing the +1 plate armour "Ykkogro" {Int+4 Dex+3} and carrying a wand of acid (11).
There is a stone staircase leading up here.
The hobgoblin shouts!
The hobgoblin closely misses you.
You completely miss the hobgoblin. Your bite misses the hobgoblin.
The hobgoblin zaps a wand.
The bolt of acid hits you!
You are splashed with acid!
You are too injured to fight recklessly!
You are too injured to fight recklessly!
You are too injured to fight recklessly!
You are too injured to fight recklessly!
You hit the hobgoblin but do no damage.
Press: ? - help, v - describe, . - travel
Here: a hobgoblin, wearing the +1 plate armour "Ykkogro" {Int+4 Dex+3}, wearing a ring of positive energy and carrying a wand of acid (10)
The floor.
You hit the hobgoblin but do no damage.
You bite the hobgoblin, but do no damage.
The hobgoblin barely misses you.
You hit the hobgoblin but do no damage. Your bite misses the hobgoblin.
The hobgoblin hits you but does no damage.
You hit the hobgoblin but do no damage.
You bite the hobgoblin, but do no damage.
The hobgoblin zaps a wand.
The bolt of acid misses you.
You hit the hobgoblin but do no damage.
You bite the hobgoblin, but do no damage.
The hobgoblin barely misses you.
You hit the hobgoblin.
You bite the hobgoblin, but do no damage.
The hobgoblin is heavily wounded.
The hobgoblin zaps a wand.
The bolt of acid hits you!
* * * LOW HITPOINT WARNING * * *
The acid corrodes you!
You are splashed with acid!
You die...

#..##.##.#
#.#.#####.#.#.#
#..##.##.#
#.......#.#.#.#
#...#.##.#
#.......#.#.#.#
#.#.#.##.#
#.....).#.....#
#.#...##.#
#.......###.###
#.....##.# #............#
#.....##.# #.......###..#
#....>##.# #......<..#..#
#.....##.# #...g@..#.#..#
#.....##.###.#.#.#.###..#
#.....##.....#...#......#
#.....#################.#
#.......................#
#.####........###########
#<..##........#
#.#.##........#
#.#.##.......†###


You could see a hobgoblin.

Vanquished Creatures
  Eustachio (D:4)
  A sky beast (D:4)
  A jelly (D:3)
  A hound (D:4)
  7 adders
  A howler monkey skeleton (D:4)
  4 worms
  2 dart slugs
  3 orcs
  5 ball pythons
  4 bats
  7 endoplasms
  2 giant cockroaches (D:3)
  8 goblins
  7 hobgoblins
  7 jackals
  4 kobolds
  5 quokkas
  2 frilled lizards
  7 rats
79 creatures vanquished.

Notes
Turn   | Place    | Note
-------+----------+-------------------------------------------
     0 | D:1      | fiver49 the Vine Stalker Hunter began the quest for the
                  | Orb.
     0 | D:1      | Reached XP level 1. HP: 11/11 MP: 2/2
   447 | D:1      | Reached XP level 2. HP: 15/15 MP: 3/3
   995 | D:1      | Reached skill level 1 in Long Blades
  1302 | D:2      | Reached XP level 3. HP: 18/18 MP: 4/4
  1593 | D:2      | Reached skill level 2 in Long Blades
  2187 | D:2      | Gained mutation: Your natural rate of healing is unusually
                  | fast. [Vine Stalker growth]
  2187 | D:2      | Reached XP level 4. HP: 8/23 MP: 1/5
  2282 | D:2      | Found a faded altar of an unknown god.
  2480 | D:3      | Found a hazy altar of Hepliaklqana.
  2570 | D:3      | Found Ojybojie's Antique Weapon Shop.
  2606 | D:3      | Reached skill level 3 in Long Blades
  2630 | D:3      | Found a shadowy altar of Dithmenos.
  2886 | D:3      | Reached skill level 4 in Long Blades
  2886 | D:3      | Reached XP level 5. HP: 19/26 MP: 3/6
  3232 | D:3      | Found a glowing silver altar of Zin.
  3366 | D:4      | Found an ancient bone altar of Kikubaaqudgha.
  3453 | D:4      | Noticed Eustachio
  3492 | D:4      | Killed Eustachio
  3493 | D:4      | Reached skill level 5 in Long Blades
  3493 | D:4      | Reached XP level 6. HP: 30/30 MP: 4/7
  3721 | D:4      | Found a runed translucent door.
  3722 | D:4      | Noticed Crazy Yiuf
  3768 | D:4      | Noticed a sky beast
  3790 | D:4      | Killed a sky beast
  3791 | D:4      | Reached skill level 6 in Long Blades
  3791 | D:4      | Reached XP level 7. HP: 35/35 MP: 6/8
  3811 | D:4      | Found an ornate altar of the Wu Jian Council.
  3819 | D:4      | Became a worshipper of the Wu Jian Council
  4007 | D:4      | Identified the +1 plate armour "Ykkogro" {Int+4 Dex+3}
  4016 | D:4      | Splashed by a hobgoblin's acid

Illustrated notes

Levels and vault maps discovered:
D:1:      dpeg_arrival_boxes_within_box, layout_loops_ring
D:2:      layout_loops_cross, hellmonk_ecumenical_altar_defaced_shrine
D:3:      layout_basic, mainiacjoe_overflow_concentric_impassable,
          general_overflow_altar, nzn_hepliaklqana_mist_gate, serial_shops,
          nicolae_shop_window_shopping, minmay_misc_feat_encased
D:4:      minmay_wonky_spiral, layout_basic, nicolae_wu_jian_wuxing_cycle,
          kiku_gazebo_garden_becter, portal_sewer_entry_f, st_stairs_3,
          uniq_crazy_yiuf_cottage, uniq_pikel, uniq_eustachio

Skill      XL: |  1  2  3  4  5  6 |
---------------+-------------------+-----
Fighting       | 2 |  2.0
Stealth        | 2 |  2.0
Dodging        | 2 |  2.0
Long Blades    | 1 2 4 5 6 |  6.2
Throwing       | |  3.6

Action                   |  1- 3 |  4- 6 |  7- 9 || total
-------------------------+-------+-------+-------++-------
Melee: Short sword       |    90 |   193 |    28 ||   311
       Bite              |    21 |    46 |    10 ||    77
Throw: Javelin           |    10 |       |       ||    10
       Dart              |     9 |    57 |       ||    66
Invok: Lunge             |       |       |     2 ||     2
 Stab: Sleeping          |     2 |     1 |       ||     3
       Distracted        |       |     1 |       ||     1
Armor: Leather armour    |     7 |     8 |     5 ||    20
       Ring mail         |    14 |    59 |       ||    73
Dodge: Dodged            |    47 |   122 |    14 ||   183
